 Dungeon Crawl Stone Soup version 0.24-a0-235-g3f03afc (webtiles) character file.

Game seed: 12320221198885576121

135 emperorscorpion the Magician (level 4, -4/31 HPs)
             Began as a Demonspawn Wizard on Apr 8, 2019.
             Slain by a river rat (6 damage)
             ... in a sewer.
             The game lasted 00:05:13 (2822 turns).

emperorscorpion the Magician (Demonspawn Wizard)    Turns: 2822, Time: 00:05:14

Health: -4/31      AC:  4    Str:  8    XL:     4   Next: 96%
Magic:  6/10       EV: 12    Int: 20    God:
Gold:   57         SH:  0    Dex: 11    Spells: 5/11 levels left

rFire    . . .     SeeInvis .   a - +1 dagger (freeze)
rCold    . . .     Gourm    .   (no shield)
rNeg     . . .     Faith    .   c - +0 robe
rPois    .         Spirit   .   b - +0 hat
rElec    .         Reflect  .   (no cloak)
rCorr    +         Harm     .   (no gloves)
MR       .....                  (no boots)
Stlth    +.........             k - amulet of regeneration
HPRegen  0.50/turn              o - ring of resist corrosion
MPRegen  0.12/turn              (no ring)

@: very slow
A: claws 1, molten scales 1
a: no special abilities


You were in a sewer.
You were not hungry.

You visited 1 branch of the dungeon, and saw 3 of its levels.
You also visited: Sewer.

You collected 57 gold pieces.

Inventory:

Hand Weapons
 a - a +1 dagger of freezing (weapon)
 h - a +0 hand axe
Missiles
 g - 20 poisoned needles
Armour
 b - a +0 hat (worn)
 c - a +0 robe (worn)
Jewellery
 k - an amulet of regeneration (around neck)
 m - an uncursed amulet of the acrobat
 o - a ring of resist corrosion (left claw)
Scrolls
 e - 4 scrolls of identify
 f - a scroll of immolation {unknown}
 i - 2 scrolls of fear
 j - 2 scrolls of remove curse {unknown}
 l - a scroll of teleportation {unknown}
 n - a scroll of random uselessness {unknown}
Comestibles
 d - 4 rations
 p - 2 chunks of flesh


   Skills:
 + Level 0.5 Fighting
 + Level 0.4 Short Blades
 - Level 0.2 Axes
 + Level 2.1 Dodging
 + Level 2.0 Stealth
 + Level 4.1 Spellcasting
 + Level 2.7 Conjurations
   Level 1.0 Summonings
 + Level 1.0 Translocations


You had 5 spell levels left.
You knew the following spells:

 Your Spells              Type           Power        Failure   Level  Hunger
a - Magic Dart            Conj           ###.         4%          1    None
b - Blink                 Tloc           N/A          13%         2    #......
c - Mephitic Cloud        Conj/Pois/Air  #.......     26%         3    ###....

Your spell library contained the following spells:

 Spells                   Type           Power        Failure   Level  Hunger
 Call Imp                 Summ           #.......     13%         2    #......
 Slow                     Hex            #.......     19%         2    #......
 Conjure Flame            Conj/Fire      #.......     22%         3    ###....


Dungeon Overview and Level Annotations

Branches:
Dungeon (3/15)

Altars:
Elyvilon
Yredelemnul


Innate Abilities, Weirdness & Mutations

You have sharp fingernails.
You are partially covered in molten scales. (AC +2)


Message History

You enter the shallow water.
Moving in this stuff is going to be slow.
The rat bites you. The river rat bites you.
The rat bites you but does no damage. The rat closely misses you.
The river rat bites you but does no damage.
The rat splashes around in the water.
The rat closely misses you. The river rat bites you!
* * * LOW HITPOINT WARNING * * *
The rat twitches its whiskers.
You enter the shallow water.
Moving in this stuff is going to be slow.
The river rat bites you.
* * * LOW HITPOINT WARNING * * *
The river rat bites you.
* * * LOW HITPOINT WARNING * * *
As you read the scroll labeled VEYDIK SITOHIT, it crumbles to dust.
It is a scroll of identify.
i - 2 scrolls of fear The river rat bites you.
You die...

###################
..#≈≈≈≈≈≈≈≈.r@≈≈≈≈#.###
..†≈≈≈≈≈≈≈≈≈rr≈≈≈≈....##
...≈≈≈≈≈≈≈≈≈≈≈#≈≈≈≈....#
...≈≈≈≈≈≈≈≈≈≈≈≈≈≈≈≈....#
...≈≈≈≈≈≈≈≈≈≈≈≈≈≈≈.....##
#..≈≈≈≈≈≈≈≈≈≈≈≈≈≈≈#.....#
####################....#
##...## ##...#


You could see a river rat and 2 rats.

Vanquished Creatures
  Jessica (D:3)
  An adder (D:3)
  3 river rats
  2 oozes
  A dart slug (D:2)
  5 orcs (D:3)
  5 ball pythons
  A giant cockroach (D:3)
  6 goblins
  4 hobgoblins
  8 kobolds
  7 bats
  3 frilled lizards
  20 rats
67 creatures vanquished.

Notes
Turn   | Place    | Note
-------+----------+-------------------------------------------
     0 | D:1      | emperorscorpion the Demonspawn Wizard began the quest for
                  | the Orb.
     0 | D:1      | Reached XP level 1. HP: 13/13 MP: 4/4
   297 | D:1      | Gained mutation: You have sharp fingernails. [demonic
                  | ancestry]
   297 | D:1      | Reached XP level 2. HP: 19/19 MP: 3/6
  1328 | D:2      | Found a white marble altar of Elyvilon.
  1368 | D:2      | Reached XP level 3. HP: 24/24 MP: 1/8
  1663 | D:2      | Learned a level 2 spell: Blink
  1667 | D:2      | Learned a level 3 spell: Mephitic Cloud
  1972 | D:3      | Noticed Jessica
  1980 | D:3      | Killed Jessica
  1980 | D:3      | Reached skill level 4 in Spellcasting
  1980 | D:3      | Gained mutation: You are partially covered in molten
                  | scales. (AC +2) [demonic ancestry]
  1980 | D:3      | Reached XP level 4. HP: 30/30 MP: 3/10
  2326 | D:3      | Found a basalt altar of Yredelemnul.
  2480 | D:3      | Found a glowing drain.
  2529 | Sewer    | Entered a sewer
  2560 | Sewer    | Reached skill level 1 in Translocations
  2821 | Sewer    | HP: 1/31 [river rat (3)]
  2822 | Sewer    | Slain by a river rat

Levels and vault maps discovered:
D:1:      lightli_arrival_farm, layout_loops_ring, serial_park_tiny_1,
          serial_bayou_lake_a
D:2:      layout_rooms, elyvilon_altar_1
D:3:      layout_loops_ring, minitemple, lemuel_round_altar,
          portal_sewer_entry_c, corexii_hall_statues_l,
          cheibrodos_ashenzari_chains, uniq_jessica
Sewer:    sewer_minmay_w

Skill      XL: |  1  2  3  4 |
---------------+-------------+-----
Dodging        | 2 |  2.1
Spellcasting   | 4 |  4.1
Conjurations   | 2 |  2.7
Stealth        | 2 |  2.0
Translocations | 1 |  1.0
Fighting       | |  0.5
Short Blades   | |  0.4
Axes           | |  0.2
Summonings     | |  1.0

Action                   |  1- 3 |  4- 6 || total
-------------------------+-------+-------++-------
Melee: Unarmed           |     1 |       ||     1
       Hand axe          |     5 |     1 ||     6
       Dagger            |       |    84 ||    84
 Cast: Magic Dart        |    81 |    47 ||   128
       Blink             |       |     2 ||     2
       Mephitic Cloud    |       |     1 ||     1
  Use: Scroll            |       |     1 ||     1
 Stab: Sleeping          |     1 |       ||     1
  Eat: Chunk             |     3 |     3 ||     6
Armor: Robe              |     4 |    16 ||    20
Dodge: Dodged            |    11 |    53 ||    64

Table legend:
 A = Non-vault XP
 B = Vault XP
 C = Vault XP percentage of total XP
 D = Non-vault monster count
 E = Vault monster count
 F = Vault count percentage of total count
                 A         B        C        D         E       F
            +---------+---------+-------+---------+---------+-------
      Total |      88 |     105 |  54.4 |      47 |      20 |  29.9
            +---------+---------+-------+---------+---------+-------
        D:1 |      31 |       0 |   0.0 |      19 |       0 |   0.0
        D:2 |      22 |       0 |   0.0 |      13 |       0 |   0.0
        D:3 |      35 |      69 |  66.3 |      15 |       9 |  37.5
      Sewer |       0 |      36 | 100.0 |       0 |      11 | 100.0
            +---------+---------+-------+---------+---------+-------
